 Dungeon Crawl Stone Soup version 0.28.0-49-g6dfe1f597d (console) character file.

Game seed: 13084518248107759222

23 Faeu the Skirmisher (level 2, -1/27 HPs)
             Began as a Minotaur Berserker on May 16, 2022.
             Was a Follower of Trog.
             Slain by an adder (2 damage)
             ... on level 2 of the Dungeon.
             The game lasted 00:00:53 (987 turns).

Faeu the Skirmisher (Minotaur Berserker)             Turns: 987, Time: 00:00:54

Health: -1/27      AC:  2    Str: 27    XL:     2   Next: 72%
Magic:  1/1        EV: 16    Int:  4    God:    Trog [*.....]
Gold:   66         SH:  0    Dex:  9    Spells: 1/1 levels left

rFire   . . .      SeeInvis .   a - +0 hand axe {axe}
rCold   . . .      Faith    .   (no shield)
rNeg    . . .      Spirit   .   b - +0 animal skin
rPois   .          Reflect  .   (helmet restricted)
rElec   .          Harm     .   (no cloak)
rCorr   .          Rampage  .   (no gloves)
Will    .....                   (no boots)
Stlth   +.........              (no amulet)
HPRegen 0.09/turn               g - +4 ring of evasion
MPRegen 0.07/turn               h - +6 ring of strength

@: on berserk cooldown, slowed, very slow
A: horns 2, retaliatory headbutt
a: Renounce Religion, Berserk


You were on level 2 of the Dungeon.
You worshipped Trog.
Trog was aware of your devotion.
You visited 1 branch of the dungeon, and saw 2 of its levels.

You collected 66 gold pieces.


Innate Abilities, Weirdness & Mutations

You have a pair of horns on your head.
You reflexively headbutt those who attack you in melee.


   Skills:
 + Level 4.0 Fighting
 + Level 4.0 Axes
 + Level 2.9 Armour
 + Level 2.6 Dodging


You had one spell level left.
You didn't know any spells.
Your spell library was empty.

Inventory:

Hand Weapons
 a - a +0 hand axe (weapon) {axe}
Armour
 b - a +0 animal skin (worn)
Jewellery
 g - a +4 ring of evasion (left hand)
   (You found it on level 1 of the Dungeon)
 h - a +6 ring of strength (right hand)
   (You found it on level 1 of the Dungeon)
Scrolls
 c - a scroll of magic mapping {unknown}
 d - a scroll of fear {unknown}
 e - a scroll of noise {unknown}
 f - a scroll of teleportation {unknown}

Dungeon Overview and Level Annotations

Branches:
Dungeon (2/15)

Altars:
Hepliaklqana

### #.. #.# ###### #######
#.# ...... #.....# #.#
......##.....# #.#
.............####.##### #
....."..............#.####
.......†S@.######.#.#.....
#######.###### #.#.#)####
#......# #.#.......
#..###.####.###.####
...S.....................
##.###...#.........######
#.#.# .............. ..#..
..............
!..##................ ##.#
.#....###....... .. ...##.
#........


You could see an adder.


Message History

You are too injured to fight recklessly!
There are monsters nearby!
You are too injured to fight recklessly!
There are monsters nearby!
You are too injured to fight recklessly!
There are monsters nearby!
You are too injured to fight recklessly!
There are monsters nearby!
You are too injured to fight recklessly!
There are monsters nearby!
You are too injured to fight recklessly!
There are monsters nearby!
You are too injured to fight recklessly!
There are monsters nearby!
You are too injured to fight recklessly!
There are monsters nearby!
You are too injured to fight recklessly!
There are monsters nearby!
You are too injured to fight recklessly!
There are monsters nearby!
You are too injured to fight recklessly!
There are monsters nearby!
You are too injured to fight recklessly!
There are monsters nearby!
You are too injured to fight recklessly!
There are monsters nearby!
You are too injured to fight recklessly!
There are monsters nearby!
You are too injured to fight recklessly!
The giant cockroach misses you. 😮 HP[-12]
You take 12 damage, and now have 15/27 hp.
MASSIVE DAMAGE!! (PAUSE)
You hit the giant cockroach. The giant cockroach bites you.
* * * LOW HITPOINT WARNING * * *
😨 HP[-2]
You take 2 damage, and now have 13/27 hp.
A red film seems to cover your vision as you go berserk!
You feel yourself moving faster!
You feel mighty! The giant cockroach bites you.
* * * LOW HITPOINT WARNING * * *
The giant cockroach barely misses you. You furiously retaliate!
You headbutt the giant cockroach!
You kill the giant cockroach!
Trog accepts your kill. 😨 HP[+6]
You now have 40 max hp (+13).
You regained 6 hp, and now have 19/40 hp.
You feel a strong urge to attack something.
You barely miss the worm. You headbutt the worm! The worm barely misses you.
You hit the worm.
You kill the worm!
Trog accepts your kill.
Your Fighting skill increases to level 4!
Your Axes skill increases to level 4!
An adder comes into view.
You feel a strong urge to attack something.
The adder hisses angrily.
You are no longer berserk.
You are exhausted.
You feel yourself slow down. 😨 HP[-6]
You now have 27 max hp (-13).
The adder barely misses you.
You miss the adder. The adder closely misses you. The adder barely misses you.
You barely miss the adder. The adder bites you.
* * * LOW HITPOINT WARNING * * *
The adder bites you.
* * * LOW HITPOINT WARNING * * *
You are poisoned.
The adder poisons you! 😨 HP[-3]
You take 3 damage, and now have 10/27 hp.
You aren't carrying any items that you can evoke.
Okay, then.
Okay, then.
You aren't carrying any potions.
You aren't carrying any potions.
You barely miss the adder. Your headbutt misses the adder.
You feel sick. The adder bites you.
* * * LOW HITPOINT WARNING * * *
The adder barely misses you. 😱 HP[-6]
You take 6 damage, and now have 4/27 hp.
MASSIVE DAMAGE!! (PAUSE)
You closely miss the adder. Your headbutt misses the adder.
* * * LOW HITPOINT WARNING * * *
You feel sick.
You are no longer poisoned.
The adder bites you.
* * * LOW HITPOINT WARNING * * *
The adder closely misses you. 😱 HP[-3]
You take 3 damage, and now have 1/27 hp.
You closely miss the adder. You headbutt the adder.
The adder barely misses you. The adder closely misses you.
You hit the adder. Your punch misses the adder. The adder misses you.
The adder bites you but does no damage.
You miss the adder. The adder barely misses you. The adder bites you.
You die...

Skill      XL: |  1  2 |
---------------+-------+-----
Fighting       | 4 |  4.0
Axes           | 4 |  4.0
Armour         | |  2.9
Dodging        | |  2.6

Action                   || total
-------------------------++-------
Melee: Hand axe          ||    49
       Headbutt          ||     4
Invok: Berserk           ||     1
Armor: Animal skin       ||     6
Dodge: Dodged            ||    36

Levels and vault maps discovered:
D:1:      lightli_arrival_boilingwater, layout_basic, kennysheep_pointless_box,
          grunt_decor_clamped, kennysheep_flooded_box
D:2:      layout_basic, serial_shops, nicolae_shop_crystal,
          minmay_quadrilaterals, uniq_robin

Notes
Turn   | Place    | Note
-------+----------+-------------------------------------------
     0 | D:1      | Faeu the Minotaur Berserker began the quest for the Orb.
     0 | D:1      | Reached XP level 1. HP: 19/19 MP: 0/0
     0 | D:1      | magus.rc [v1.9.6]
   236 | D:1      | Found a hazy altar of Hepliaklqana.
   332 | D:1      | Reached XP level 2. HP: 25/27 MP: 1/1
   975 | D:2      | Reached skill level 4 in Fighting
   975 | D:2      | Reached skill level 4 in Axes
   983 | D:2      | HP: 4/27 [adder (5)]
   984 | D:2      | HP: 1/27 [adder (1)]
   987 | D:2      | Slain by an adder

Vanquished Creatures
  A worm (D:2)
  2 endoplasms
  A giant cockroach (D:2)
  4 quokkas (D:1)
  2 ball pythons (D:1)
  3 bats (D:1)
  3 kobolds (D:1)
  4 rats (D:1)
20 creatures vanquished.

Table legend:
 A = Non-vault XP
 B = Vault XP
 C = Vault XP percentage of total XP
 D = Non-vault monster count
 E = Vault monster count
 F = Vault count percentage of total count
                 A         B        C        D         E       F
            +---------+---------+-------+---------+---------+-------
      Total |      33 |       0 |   0.0 |      20 |       0 |   0.0
            +---------+---------+-------+---------+---------+-------
        D:1 |      24 |       0 |   0.0 |      17 |       0 |   0.0
        D:2 |       9 |       0 |   0.0 |       3 |       0 |   0.0
            +---------+---------+-------+---------+---------+-------

Illustrated notes

Table legend:
 A = Kills in this place as a percentage of kills in entire the game.
 B = Kills by you in this place as a percentage of kills by you in the entire game.
 C = Kills by friends in this place as a percentage of kills by friends in the entire game.
 D = Other kills in this place as a percentage of other kills in the entire game.
 E = Experience gained in this place as a percentage of experience gained in the entire game.
 F = Experience gained in this place divided by the number of levels of this place that you have seen.
                   A       B       C       D       E      F
               +-------+-------+-------+-------+-------+----------------------
         Total | 100.0 | 100.0 |   N/A |   N/A | 100.0 |  16.5
       Dungeon | 100.0 | 100.0 |   N/A |   N/A | 100.0 |  16.5
               +-------+-------+-------+-------+-------+----------------------

Table legend: (Time is in decaauts)
 A = Elapsed time spent in this place.
 B = Non-inter-level travel time spent in this place.
 C = Inter-level travel time spent in this place.
 D = Time resting spent in this place.
 E = Time spent auto-exploring this place.
 F = Levels seen in this place.
 G = Mean time per level.
                   A        B        C        D        E       F      G
               +--------+--------+--------+--------+--------+-----+--------+
         Total |    995 |    975 |     20 |      0 |    846 |   2 |  497.5 |
       Dungeon |    995 |    975 |     20 |      0 |    846 |   2 |  497.5 |
               +--------+--------+--------+--------+--------+-----+--------+

Top non-repeatable levels by time:
     D:1: 898 daAuts
     D:2: 96 daAuts
